 Dungeon Sprint DCSS version 0.30-a0-596-g0af90f9a20 (webtiles) character file.

Game seed: 17016530081973782818

92 rocky1 the Ducker (level 4, -1/54 HPs)
             Began as a Merfolk Gladiator on Jan 7, 2023.
             Slain by a black bear (2 damage)
             ... in the Dungeon (Sprint IX: "|||||||||||||||||||||||||||||").
             The game lasted 00:00:18 (34 turns).

rocky1 the Ducker (Merfolk Gladiator)                 Turns: 34, Time: 00:00:19

Health: -1/54      AC:  0    Str: 14    XL:     4   Next: 60%
Magic:  4/4        EV: 16    Int:  7    God:
Gold:   0          SH:  0    Dex: 17    Spells: 3/3 levels left

rFire   . . .      SeeInvis .    a - +0 long sword
rCold   . . .      Faith    .    (no shield)
rNeg    . . .      Spirit   .    b - +0 leather armour
rPois   .          Reflect  .    c - +0 helmet
rElec   .          Harm     .    (no cloak)
rCorr   .          Rampage  .    (no gloves)
Will    .....      NoTele   +    (no boots) Stlth
                                 (no amulet)
HPRegen 0.29/turn                (no ring)
MPRegen 0.09/turn                (no ring)

@: berserking (expiring), lethally poisoned (-1 -> -3), corroded, very quick
A: (nimble swimmer 2), mertail
a: no special abilities


You were in the Dungeon.
You visited 1 branch

Inventory:

Hand Weapons
 a - a +0 long sword (weapon)
Missiles
 d - 3 throwing nets (quivered)
 e - a javelin
Armour
 b - a +0 leather armour (worn)
 c - a +0 helmet (worn)
Scrolls
 k - a scroll of blinking
Potions
 f - a potion of curing
 g - a potion of heal wounds
 h - a potion of haste
 i - 2 potions of magic


   Skills:
 + Level 3.6 Fighting
 + Level 7.7 Long Blades
 + Level 3.2 Throwing
 + Level 0.5 Armour
 + Level 7.8 Dodging


You had 3 spell levels left.
You didn't know any spells.
Your spell library was empty.

Dungeon Overview and Level Annotations

Branches:
Dungeon (1/1)

Altars:


Innate Abilities, Weirdness & Mutations

((You are very nimble when in or above water. (Stealth+, EV+, Speed+++)))
Your lower body shifts to a powerful aquatic tail in water.


Message History

You slash the scorpion! Your punch misses the scorpion.
The scorpion is severely wounded.
You feel sick.
You slash the scorpion!
You kill the scorpion!
You feel sick.
Your Long Blades skill increases to level 7!
Your Throwing skill increases to level 3!
Your Dodging skill increases to level 7!
You have reached level 4!
You slash the black bear!
The black bear is heavily wounded.
You feel sick. The black bear bites you. The black bear barely misses you.
The black bear completely misses you.
You barely miss the black bear.
The black bear is heavily wounded.
You feel sick.
You barely miss the black bear.
The black bear is heavily wounded.
You feel sick. The black bear bites you. The black bear barely misses you.
The black bear claws you.
* * * LOW HITPOINT WARNING * * *
You hit the black bear.
The black bear is heavily wounded.
You feel sick. The black bear bites you.
* * * LOW HITPOINT WARNING * * *
The black bear claws you.
* * * LOW HITPOINT WARNING * * *
The black bear claws you.
* * * LOW HITPOINT WARNING * * *
You hit the black bear.
The black bear is severely wounded.
* * * LOW HITPOINT WARNING * * *
You feel sick.
You closely miss the black bear.
The black bear is severely wounded.
* * * LOW HITPOINT WARNING * * *
You feel sick. The black bear closely misses you.
The black bear barely misses you. The black bear claws you.
You die...

▓.▓
▓.▓
▓.▓
▓†▓
▓)▓
▓.▓
▓.▓
▓.▓
▓@▓
▓h▓
▓S▓
▓J▓
▓.▓
▓.▓
▓.▓
▓+▓


You could see a black bear, a jelly and an adder.

Vanquished Creatures
  A scorpion (D)
  A jelly (D)
  2 endoplasms (D)
  A goblin (D)
  A hobgoblin (D)
  A ball python (D)
7 creatures vanquished.

Notes
Turn   | Place    | Note
-------+----------+-------------------------------------------
     0 | D        | rocky1 the Merfolk Gladiator began the quest for the Orb.
     0 | D        | Reached XP level 1. HP: 16/16 MP: 1/1
    15 | D        | Reached skill level 5 in Dodging
    20 | D        | Noticed a jelly
    20 | D        | Noticed a scorpion
    20 | D        | Noticed a black bear
    20 | D        | Noticed a jelly
    23 | D        | Killed a jelly
    24 | D        | Reached XP level 2. HP: 24/24 MP: 2/2
    24 | D        | Reached XP level 3. HP: 29/29 MP: 3/3
    28 | D        | Killed a scorpion
    29 | D        | Reached XP level 4. HP: 28/36 MP: 4/4
    33 | D        | HP: 2/54 [poisoned by a scorpion]
    34 | D        | Slain by a black bear

Illustrated notes

Levels and vault maps discovered:
D:        linesprint [early_d, line_temple, items_1, d_10, items_2, lair_1,
          lair_end, items_3, orc_1, orc_end, items_4, d_15, swamp_1, shoals_1,
          snake_1, spider_1, d_20, vaults_1, items_5, swamp_end, shoals_end,
          snake_end, spider_end, vaults_end, d_27, items_6, zot_1, zot_end,
          crypt_end, forest_end, elf_end, slime_end, tomb_end, abyss_end,
          pan_hell_end]

Skill      XL: |  1  2  3 |
---------------+----------+-----
Long Blades    | 6 7 |  7.7
Dodging        | 6 7 |  7.8
Fighting       | 3 |  3.6
Throwing       | 3 |  3.2
Armour         | |  0.5

Action                   |  1- 3 |  4- 6 || total
-------------------------+-------+-------++-------
Melee: Long sword        |    17 |     6 ||    23
  Use: Potion            |     1 |       ||     1
Armor: Leather armour    |     3 |       ||     3
Dodge: Dodged            |     7 |     5 ||    12

Table legend: (Time is in decaauts)
 A = Elapsed time spent in this place.
 B = Non-inter-level travel time spent in this place.
 C = Inter-level travel time spent in this place.
 D = Time resting spent in this place.
 E = Time spent auto-exploring this place.
 F = Levels seen in this place.
 G = Mean time per level.
                   A        B        C        D        E       F      G
               +--------+--------+--------+--------+--------+-----+--------+
         Total |     32 |     32 |      0 |      0 |      3 |   1 |   32.0 |
       Dungeon |     32 |     32 |      0 |      0 |      3 |   1 |   32.0 |
               +--------+--------+--------+--------+--------+-----+--------+

Top non-repeatable levels by time:
       D: 32 daAuts
